[Event "*** Titled Tuesday Blitz"]
[Site "Chess.com"]
[Date "2019.07.02"]
[Round "8"]
[White "deBaller"]
[Black "King_of_the_wing"]
[Result "1-0"]
[WhiteElo "2363"]
[BlackElo "2143"]
[TimeControl "180+2"]
[EndTime "14:47:09 PDT"]
[Termination "deBaller won by resignation"]

1. e4 e6 2. d4 d5 3. Nd2 Nf6 4. e5 Nfd7 5. Bd3 c5 6. c3 Nc6 7. Ne2 cxd4 8. cxd4 f6 9. Nf4 Nxd4 10. Qh5+ Ke7 11. exf6+ Nxf6 12. Ng6+ hxg6 13. Qxh8 Kf7 14. O-O e5 15. Nb3 Nf5 16. Bg5 e4 17. Be2 Be6 18.
Rac1 Bd6 19. Qxd8 Rxd8 20. Rfd1 b6 21. h3 Be5 22. g4 Ne7 23. Nd4 Bxd4 24. Rxd4 Rc8 25. Rxc8 Bxc8 26. f3 Nc6 27. Rd1 exf3 28. Bxf3 Ne5 29. Bxd5+ Nxd5 30. Rxd5 Nf3+ 31. Kf2 Nxg5 32.
Rxg5 Be6 33. a3 a6 34. Ke3 Kf6 35. Kf4 Bc4 36. Re5 Bf1 37. g5+ Kf7 38. h4 1-0

[Event "*** Titled Tuesday Blitz"]
[Site "Chess.com"]
[Date "2019.07.02"]
[Round "8"]
[White "ClockworkKubrick"]
[Black "MateSchmate"]
[Result "0-1"]
[WhiteElo "2105"]
[BlackElo "2368"]
[TimeControl "180+2"]
[EndTime "14:47:11 PDT"]
[Termination "MateSchmate won by checkmate"]

1. e4 e6 2. Nc3 d5 3. exd5 exd5 4. Nf3 Nf6 5. d3 d4 6. Ne4 Nxe4 7. dxe4 c5 8. Bb5+ Bd7 9. Qd3 Bxb5 10. Qxb5+ Qd7 11. Qb3 Nc6 12. O-O O-O-O 13. Bf4 f6 14. e5 g5 15. e6 Qd5 16. Bg3 Qxb3 17. axb3 Bd6 18. Rfe1 Rhe8 19. Nd2 f5 20. f3 Bxg3 21. hxg3 Rd6 22. e7 Rd7 23. Nc4 Rexe7 24. Rxe7 Rxe7 25. Nd6+ Kc7 26. Nxf5 Re2 27. Rc1 Nb4 28. c3 d3 29. cxb4 d2 30. Rxc5+ Kb6 31. Rd5 Re1+ 32. Kf2 d1=Q 33. Rd2 Qxd2# 0-1

[Event "*** Titled Tuesday Blitz"]
[Site "Chess.com"]
[Date "2019.07.02"]
[Round "8"]
[White "Orest_Vovk"]
[Black "Er_is_geen_hoop_meer"]
[Result "0-1"]
[WhiteElo "2324"]
[BlackElo "2366"]
[TimeControl "180+2"]
[EndTime "14:47:12 PDT"]
[Termination "Er_is_geen_hoop_meer won by checkmate"]

1. h4 d6 2. h5 Nh6 3. d4 Nc6 4. d5 Ne5 5. Bxh6 gxh6 6. f4 Ng4 7. Qd4 Rg8 8. Nc3 Bg7 9. Qd3 c6 10. e4 Qb6 11. Nd1 Bxb2 12. Rb1 Qa5+ 13. c3 Ba3 14. Nf3 Bc5 15. Rb2 Bb6 16. Nd4 Bd7 17. dxc6 bxc6 18. Be2 Nf6 19. Nf2 Rxg2 20. Rf1 e5 21.
fxe5 dxe5 22. Nf5 Bxf5 23. exf5 Rd8 24. Qf3 Rd5 25. Qxg2 Qxc3+ 26. Rd2 Qxd2# 0-1

[Event "*** Titled Tuesday Blitz"]
[Site "Chess.com"]
[Date "2019.07.02"]
[Round "8"]
[White "WPWPWP-2015"]
[Black "CookiesAndIceCream"]
[Result "1-0"]
[WhiteElo "2394"]
[BlackElo "2352"]
[TimeControl "180+2"]
[EndTime "14:47:15 PDT"]
[Termination "WPWPWP-2015 won by resignation"]

1. e4 e6 2. d4 d5 3. Nd2 c5 4. Ngf3 cxd4 5. exd5 Qxd5 6. Bc4 Qd7 7. Nb3 Nc6 8. Nbxd4 Nxd4 9. Qxd4 Qxd4 10. Nxd4 Nf6 11. Nb5 Bb4+ 12. c3 Ba5 13. Nd6+ Ke7 14. Nxc8+ Raxc8 15. Be2 Rhd8 16. O-O Bb6 17. Bf3 Rd7 18. a4 a6 19. Bf4 h6 20. Rfd1 Rc4 21. Be5 Rxd1+ 22.
Rxd1 Rxa4 23. Bd6+ Ke8 24. Bxb7 Nd7 25. Bb4 Ra2 26.
Bc6 Rxb2 27. Rxd7 1-0

[Event "*** Titled Tuesday Blitz"]
[Site "Chess.com"]
[Date "2019.07.02"]
[Round "8"]
[White "NeverEverForever1990"]
[Black "Kimster98"]
[Result "0-1"]
[WhiteElo "2436"]
[BlackElo "2579"]
[TimeControl "180+2"]
[EndTime "14:47:17 PDT"]
[Termination "Kimster98 won by resignation"]

1. d4 d6 2. e4 Nf6 3. Nc3 c6 4. Nf3 Bg4 5. Be2 e6 6. Be3 d5 7. e5 Nfd7 8. O-O c5 9. dxc5 Bxf3 10. Bxf3 Nc6 11. Nb5 Ncxe5 12. Re1 Bxc5 13. Bxc5 Nxf3+ 14. Qxf3 Nxc5 15. Qc3 Qb6 16. Qxg7 O-O-O 17. a4 a6 18. b4 Ne4 19. Rxe4 dxe4 20. Qc3+ Kd7 21. Rd1+ Ke7 22. Re1 axb5 0-1

[Event "*** Titled Tuesday Blitz"]
[Site "Chess.com"]
[Date "2019.07.02"]
[Round "8"]
[White "vugarrasulov"]
[Black "wanyaland"]
[Result "1-0"]
[WhiteElo "2754"]
[BlackElo "2208"]
[TimeControl "180+2"]
[EndTime "14:47:21 PDT"]
[Termination "vugarrasulov won by resignation"]

1. d4 d5 2. Nf3 c6 3. c4 Nf6 4. Nc3 e6 5. e3 Nbd7 6. Qc2 Bd6 7. g4 Nxg4 8. Rg1 Nxh2 9. Nxh2 Bxh2 10. Rxg7 Nf8 11.
Rg2 Bd6 12. e4 dxe4 13. Nxe4 Be7 14. Be3 Qa5+ 15. Bd2 Qh5 16. Bc3 Ng6 17. Qd2 Bd7 18. d5 cxd5 19. cxd5 exd5 20. Nf6+ Bxf6 21. Bxf6 Rg8 22.
Rg5 Qf3 23. Qd4 Bc6 24. b4 Kf8 25. b5 Re8+ 26. Kd2 Bd7 27. Qc5+ Ne7 28. Bxe7+ Rxe7 29. Rxg8+ Kxg8 30. Qxe7 Qxf2+ 31. Kc3 d4+ 32. Kb3 Be6+ 33. Bc4 Qe3+ 34. Ka4 Bxc4 35. Qxb7 d3 36. Qc8+ Kg7 37. Qxc4 d2 38. Rd1 h5 39. Qb4 a6 40. Qxd2 axb5+ 41. Kxb5 Qe5+ 42. Qd5 Qb2+ 43. Kc6 Qc2+ 44. Kd6 Qg6+ 45.
Kd7 h4 46. Qd4+ Kh7 47. Qxh4+ 1-0

[Event "*** Titled Tuesday Blitz"]
[Site "Chess.com"]
[Date "2019.07.02"]
[Round "8"]
[White "eldur16"]
[Black "GMKrikor"]
[Result "1-0"]
[WhiteElo "2587"]
[BlackElo "2703"]
[TimeControl "180+2"]
[EndTime "14:47:23 PDT"]
[Termination "eldur16 won by resignation"]

1. d4 Nf6 2. c4 g6 3. Nc3 d5 4. Nf3 Bg7 5. e3 O-O 6. cxd5 Nxd5 7. Bc4 Nb6 8. Bb3 c5 9. O-O cxd4 10. exd4 Nc6 11. d5 Na5 12. h3 Nxb3 13. axb3 Bxc3 14. bxc3 Qxd5 15. Bd2 Bf5 16. c4 Qd3 17. Re1 Rfe8 18.
Re3 Qd6 19. Qe1 Nd7 20. Bb4 Nc5 21. Rd1 Qc7 22. Nd4 Be6 23. Bxc5 Qxc5 24. Nxe6 fxe6 25. Rxe6 Rad8 26. Rxd8 Rxd8 27. Rxe7 Rd1 28. Re8+ Kf7 29.
Qxd1 Kxe8 30. Qe2+ Kd8 31. Qe6 Kc7 32. Qf7+ Kb6 33.
Qxh7 Qd6 34. Qf7 a5 35. g3 Kc6 36. Qf3+ Kc7 37. h4 b6 1-0

[Event "*** Titled Tuesday Blitz"]
[Site "Chess.com"]
[Date "2019.07.02"]
[Round "8"]
[White "Gubajdullin"]
[Black "ethylalcohol"]
[Result "1-0"]
[WhiteElo "2586"]
[BlackElo "2095"]
[TimeControl "180+2"]
[EndTime "14:47:24 PDT"]
[Termination "Gubajdullin won on time"]

1. d4 Nf6 2. Bf4 g6 3. e3 Bg7 4.
Nf3 d6 5. Be2 O-O 6. O-O Nbd7 7.
h3 Re8 8. c4 b6 9. Nc3 Bb7 10.
a4 e5 11. Bh2 a5 12. Nb5 Ne4 13. Ne1 exd4 14. exd4 Rc8 15. Bf3 Ndf6 16. Nd3 Ba8 17.
Qc1 h6 18. h4 Qd7 19. Re1 c6 20. Nc3 Nxc3 21. bxc3 Rxe1+ 22. Qxe1 Re8 23. Qd2 Ne4 24. Qc2 c5 25. d5 Bxc3 26. Rd1 Bd4 27. Bxe4 Rxe4 28.
Nxc5 Qg4 29. Nxe4 1-0

[Event "*** Titled Tuesday Blitz"]
[Site "Chess.com"]
[Date "2019.07.02"]
[Round "8"]
[White "Andrii_Prydun"]
[Black "Aknok"]
[Result "1-0"]
[WhiteElo "2299"]
[BlackElo "2363"]
[TimeControl "180+2"]
[EndTime "14:47:26 PDT"]
[Termination "Andrii_Prydun won by resignation"]

1. d4 f5 2. Nf3 Nf6 3. Bg5 e6 4. Nbd2 Be7 5. Bxf6 Bxf6 6. e4 d5 7. exf5 exf5 8. Bd3 O-O 9. O-O g5 10. Re1 Nc6 11.
c3 Qd6 12. Bb5 g4 13. Bxc6 gxf3 14. Bb5 fxg2 15. Nf3 Be6 16. Ne5 Kh8 17. Qh5 Rg8 18. Bd7 Rg5 19. Qh6 Bxe5 20. dxe5 Qxd7 21. Qxg5 Rg8 22. Qf6+ Rg7 23. Rad1 f4 24. Qxf4 Rf7 25. Qh4 c5 26. Rd3 Kg8 27. Rg3+ Kf8 28. Ree3 d4 29. Ref3 Bd5 30. Qh6+ Ke8 31. Rg8+ Ke7 32. Qg5+ Ke6 33. Rf6+ 1-0

[Event "*** Titled Tuesday Blitz"]
[Site "Chess.com"]
[Date "2019.07.02"]
[Round "8"]
[White "WarlordX"]
[Black "narutosmith"]
[Result "1-0"]
[WhiteElo "2395"]
[BlackElo "2218"]
[TimeControl "180+2"]
[EndTime "14:47:27 PDT"]
[Termination "WarlordX won on time"]

1. e4 e5 2. Nf3 Nc6 3. Bb5 a6 4. Ba4 Nge7 5. c3 g6 6. d4 exd4 7. cxd4 b5 8. Bc2 d5 9. e5 Bg7 10. a4 Bg4 11. Be3 O-O 12. h3 Bxf3 13. Qxf3 f6 14.
exf6 Bxf6 15. Qd1 Bg7 16. O-O Nf5 17. axb5 axb5 18. Rxa8 Qxa8 19. Nc3 Ncxd4 20. Bxf5 Nxf5 21. Nxd5 c6 22. Nb6 Nxe3 23. Qb3+ Nd5 24. Nxa8 Rxa8 25. Re1 Bf8 26. Re6 Kg7 27. Rxc6 Nf6 28. Kh2 Ra1 29. Qxb5 Rd1 30. Qb7+ Kh6 31. Rxf6 1-0

[Event "*** Titled Tuesday Blitz"]
[Site "Chess.com"]
[Date "2019.07.02"]
[Round "8"]
[White "LucaBrasi1968"]
[Black "PaulfromSPb"]
[Result "1-0"]
[WhiteElo "2470"]
[BlackElo "2609"]
[TimeControl "180+2"]
[EndTime "14:47:32 PDT"]
[Termination "LucaBrasi1968 won by resignation"]

1. d4 Nf6 2. Nf3 e6 3. Bg5 c5 4. c3 b6 5. e3 Bb7 6. Bd3 cxd4 7. cxd4 h6 8. Bh4 Be7 9. Nc3 Nc6 10. O-O O-O 11.
Rc1 a6 12. h3 b5 13. Bg3 Qb6 14. Qe2 d5 15. Ne5 Rac8 16. Nb1 Nb4 17. a3 Nxd3 18.
Qxd3 Ne4 19. Nd7 Qd8 20. Nxf8 Qxf8 21. Bh2 Rc4 22. Nd2 Nxd2 23. Qxd2 Qc8 24. b3 Rc6 25.
Rxc6 Bxc6 26. b4 Bd8 27. Rc1 Qd7 28. Qc3 Bb7 29. Qc5 Kh7 30. Qd6 Qe8 31. Bg3 a5 32.
bxa5 Bxa5 33. Qb8 Qxb8 34. Bxb8 Kg6 35. Bc7 Bd2 36. Rc2 Be1 37. Kf1 b4 38. Kxe1 bxa3 39. Ra2 Ba6 40. Rxa3 Bc4 41. f3 h5 42. Kf2 f6 43. g4 hxg4 44. hxg4 Kf7 45. Bd6 f5 46. Ra7+ Kg6 47. Be5 fxg4 48. Rxg7+ 1-0

[Event "*** Titled Tuesday Blitz"]
[Site "Chess.com"]
[Date "2019.07.02"]
[Round "8"]
[White "xdb"]
[Black "WildTricks"]
[Result "1-0"]
[WhiteElo "2243"]
[BlackElo "2303"]
[TimeControl "180+2"]
[EndTime "14:47:32 PDT"]
[Termination "xdb won on time"]

1. e4 c5 2. Nf3 d6 3. d4 cxd4 4. Nxd4 Nf6 5. Nc3 a6 6. Be2 e5 7.
Nb3 Be7 8. Be3 Be6 9. Nd5 Bxd5 10. exd5 Nbd7 11. c4 Rc8 12. O-O O-O 13. f3 Nh5 14. Qd2 f5 15. Na5 f4 16. Bf2 Rb8 17. b4 Bh4 18. Bd3 Bxf2+ 19. Qxf2 e4 20. Bxe4 Ne5 21. Rfe1 Qg5 22. c5 Rf6 23. cxd6 Rh6 24. Qd4 Nf6 25. Qxe5 Qh4 26. h3 Qg3 27. d7 Nxd7 28. Qf5 Nf6 29.
d6 Rd8 30. Nxb7 Rd7 31. Bd5+ Kf8 32. Rac1 1-0

[Event "*** Titled Tuesday Blitz"]
[Site "Chess.com"]
[Date "2019.07.02"]
[Round "8"]
[White "vlad_Sid"]
[Black "Zubrrr"]
[Result "1-0"]
[WhiteElo "2563"]
[BlackElo "2721"]
[TimeControl "180+2"]
[EndTime "14:47:33 PDT"]
[Termination "vlad_Sid won on time"]

1. c4 Nc6 2. g3 e5 3. Bg2 f5 4. Nc3 Nf6 5. d3 g6 6. Nf3 Bg7 7. O-O O-O 8. Rb1 Nh5 9. Qc2 f4 10. b4 d6 11. b5 Ne7 12. a4 h6 13. a5 Rb8 14. Ne4 g5 15. h3 fxg3 16. fxg3 Be6 17.
Be3 Qd7 18. Kh2 b6 19. a6 Ng6 20. d4 exd4 21. Nxd4 Bf7 22. Nc6 Rbe8 23. Nxa7 Be5 24.
Nc6 Bxg3+ 25. Nxg3 Nxg3 26. Rxf7 Kxf7 27. Bd5+ Kg7 28.
Bd4+ Kh7 29. Kxg3 Rf4 30. e3 Rh4 31. Rh1 Rf8 32. Be4 1-0

[Event "*** Titled Tuesday Blitz"]
[Site "Chess.com"]
[Date "2019.07.02"]
[Round "8"]
[White "josiwales"]
[Black "riconaipe"]
[Result "0-1"]
[WhiteElo "2467"]
[BlackElo "2498"]
[TimeControl "180+2"]
[EndTime "14:47:33 PDT"]
[Termination "riconaipe won by resignation"]

1. e4 c6 2. d4 d5 3. e5 Bf5 4. h4 h5 5. Bd3 Bxd3 6. Qxd3 e6 7. Bg5 Qb6 8. Nd2 Nd7 9. c4 Ne7 10. Ne2 Nf5 11. O-O Be7 12. Bxe7 Kxe7 13. g3 Rag8 14. cxd5 cxd5 15. Nb3 g5 16. Nc3 gxh4 17. Nxd5+ exd5 18. Qxf5 hxg3 19. fxg3 Qe6 20. Qxe6+ fxe6 21. Rf3 h4 22.
Kg2 Rh7 23. Rh1 Rgh8 24. g4 Rg7 25. Kh3 Rf8 26. Rhf1 Rfg8 27. Rf4 b6 28. Kxh4 Rc8 29. R1f2 Nf8 30. Kg3 Nh7 31. a4 Ng5 32. Nd2 Rc2 33. Kg2 Rxb2 34. Rf8 Rxd2 35. Ra8 Rxf2+ 36. Kxf2 Kf7 37.
Rxa7+ Kg6 38. Ra6 Rb7 39. Kg3 Ne4+ 40. Kf4 Nd2 41. Ra8 Rf7+ 42. Ke3 Nc4+ 43. Ke2 Kg5 44. Rg8+ Kf4 45. Rg6 Ke4 46. Rxe6 Kxd4 47. g5 Rg7 48. g6 Nxe5 49. Rxb6 Rxg6 50. Rb4+ Nc4 51. a5 Ra6 0-1

[Event "*** Titled Tuesday Blitz"]
[Site "Chess.com"]
[Date "2019.07.02"]
[Round "8"]
[White "FairChess_on_YouTube"]
[Black "Genghis_K"]
[Result "0-1"]
[WhiteElo "3027"]
[BlackElo "2852"]
[TimeControl "180+2"]
[EndTime "14:47:35 PDT"]
[Termination "Genghis_K won by resignation"]

1. Nf3 Nf6 2. c4 g6 3. b3 Bg7 4.
Bb2 d6 5. d4 c5 6. dxc5 Qa5+ 7.
Qd2 Qxd2+ 8. Nbxd2 dxc5 9. g3 Nc6 10. Bg2 O-O 11. O-O Rd8 12. Rfd1 Bf5 13. Nf1 Ne4 14. Bxg7 Kxg7 15. Ne3 Nc3 16. Rxd8 Rxd8 17. Kf1 e6 18. Ke1 Be4 19. a3 Nd4 20. Nxd4 cxd4 21. Bxe4 Nxe4 22. Rd1 Nxf2 23. Kxf2 dxe3+ 24. Ke1 Rxd1+ 25. Kxd1 e5 26. Kc2 f5 27. Kd3 f4 28. Ke4 g5 29. g4 Kf6 30.
b4 Ke6 31. a4 b6 32. Kd3 a5 0-1

[Event "*** Titled Tuesday Blitz"]
[Site "Chess.com"]
[Date "2019.07.02"]
[Round "8"]
[White "Nightlord1"]
[Black "SergeiAza"]
[Result "1-0"]
[WhiteElo "2177"]
[BlackElo "2802"]
[TimeControl "180+2"]
[EndTime "14:47:37 PDT"]
[Termination "Nightlord1 won on time"]

1. e4 c5 2. c3 Nf6 3. e5 Nd5 4. d4 cxd4 5. Nf3 d6 6. cxd4 Nc6 7.
Bc4 Nb6 8. Bxf7+ Kxf7 9. e6+ Kxe6 10. Ng5+ Kd7 11. Nf7 Qe8 12. Nxh8 e6 13. Nc3 Be7 14.
Qg4 Bf6 15. O-O Ke7 16. Bg5 Qxh8 17. Rfe1 e5 18. Qh4 Bf5 19. Rad1 Kf7 20. dxe5 dxe5 21. Nb5 Rd8 22. Nd6+ Rxd6 23. Rxd6 Nd4 24. f4 Nc4 25. Rd5 Be6 26. Rc5 Nf5 27. Qh5+ g6 28. Bxf6 Qxf6 29. Qxh7+ Kf8 30. Rc7 exf4 31. Rxb7 1-0

[Event "*** Titled Tuesday Blitz"]
[Site "Chess.com"]
[Date "2019.07.02"]
[Round "8"]
[White "sergeikim"]
[Black "Karina_Ivanova"]
[Result "1-0"]
[WhiteElo "2474"]
[BlackElo "2185"]
[TimeControl "180+2"]
[EndTime "14:47:39 PDT"]
[Termination "sergeikim won by checkmate"]

1. d4 Nf6 2. c4 e6 3. Nc3 Bb4 4. Qc2 c5 5. dxc5 Bxc5 6. Nf3 a6 7. e4 Qc7 8. Bd3 Be7 9. O-O b6 10.
e5 Ng4 11. Re1 Bb7 12. Be4 Nc6 13. Bf4 Rc8 14. h3 Nh6 15. Bxh6 gxh6 16. Qd2 Bf8 17. b3 Bg7 18. Rad1 Rg8 19. Bxh7 Rh8 20. Be4 Rg8 21.
Bxc6 Bxc6 22. Ne4 Ke7 23. Qf4 Bh8 24. Nd6 Rcf8 25. Nh4 f5 26. Qxh6 Bxg2 27. Ng6+ Rxg6 28.
Qxg6 Bf3 29. Qg5+ Bf6 30. exf6+ Rxf6 31. Nxf5+ Kf7 32. Qg7+ Ke8 33. Qe7# 1-0

[Event "*** Titled Tuesday Blitz"]
[Site "Chess.com"]
[Date "2019.07.02"]
[Round "8"]
[White "SoltaniciR"]
[Black "playerorkinyo"]
[Result "1-0"]
[WhiteElo "2573"]
[BlackElo "2405"]
[TimeControl "180+2"]
[EndTime "14:47:40 PDT"]
[Termination "SoltaniciR won by resignation"]

1. e4 c6 2. d4 d5 3. exd5 cxd5 4. c4 Nf6 5. Nc3 g6 6. Qb3 Bg7 7. cxd5 O-O 8. Be2 b6 9. Bf3 Bb7 10. Nge2 Na6 11. O-O Ne8 12. Bf4 Nd6 13. Be5 Nc7 14.
Rad1 Qd7 15. h3 Rfc8 16. Bg4 f5 17. Bf3 Ba6 18. Rfe1 Bc4 19. Qa3 a5 20. b3 Ba6 21.
Nf4 Ncb5 22. Nxb5 Nxb5 23. Qb2 Nc3 24. Rc1 Ne4 25. Bxe4 fxe4 26. Bxg7 Kxg7 27. Rxe4 Kg8 28. Rce1 Qf5 29. Qd2 Rf8 30. Ne6 1-0

[Event "*** Titled Tuesday Blitz"]
[Site "Chess.com"]
[Date "2019.07.02"]
[Round "8"]
[White "dmosesov"]
[Black "kosya4ok"]
[Result "1/2-1/2"]
[WhiteElo "2517"]
[BlackElo "2755"]
[TimeControl "180+2"]
[EndTime "14:47:47 PDT"]
[Termination "Game drawn by agreement"]

1. d4 g6 2. c4 Bg7 3. Nc3 d6 4. Nf3 e5 5. dxe5 dxe5 6. Qxd8+ Kxd8 7. e4 c6 8. Be3 Nd7 9. O-O-O Ke7 10. c5 Bh6 11. Bxh6 Nxh6 12. Bc4 f6 13. b4 a5 14. a3 axb4 15. axb4 b6 16. cxb6 Nxb6 17. Bb3 Bg4 18. Kb2 Rhd8 19. Rxd8 Rxd8 20. Rd1 Bxf3 21. gxf3 Rxd1 22.
Nxd1 Nf7 23. Bxf7 Kxf7 24. Ne3 Ke6 25. Kc3 f5 26. Nc4 Nd7 27. Na5 Kd6 28. Nb7+ Kc7 29. Nc5 Nf6 30. h3 Kd6 31. Kc4 Nh5 32. Nd3 Ng7 33. Nc5 Kc7 34. Nd3 Kd6 35. Nc5 Ne8 36. Nb7+ Kc7 37. Nc5 Ng7 38. Nd3 fxe4 39. Nxe5 exf3 40.
Nxf3 Kd6 41. Kd4 Ne6+ 42. Ke4 Nc7 43. Ng5 h5 44. Nf7+ Ke6 45. Ne5 1/2-1/2

[Event "*** Titled Tuesday Blitz"]
[Site "Chess.com"]
[Date "2019.07.02"]
[Round "8"]
[White "Samantha_Ross"]
[Black "AndrewMcStone"]
[Result "0-1"]
[WhiteElo "2034"]
[BlackElo "2167"]
[TimeControl "180+2"]
[EndTime "14:47:52 PDT"]
[Termination "AndrewMcStone won by checkmate"]

1. d4 Nf6 2. c4 g6 3. Nf3 Bg7 4.
g3 O-O 5. Bg2 d6 6. O-O c6 7. Nc3 Qa5 8. e4 e5 9. d5 cxd5 10. cxd5 b5 11. Nd2 b4 12. Ne2 Ba6 13. Nb3 Qb5 14. Re1 Nbd7 15. h3 Rfc8 16. Be3 Qd3 17. Rc1 Qxd1 18. Rcxd1 Rc2 19. Rd2 Rac8 20. Red1 Bxe2 21. Re1 Rxd2 22. Bxd2 Bd3 23. Bxb4 Nc5 24. Bxc5 dxc5 25. Nc1 c4 26. f3 Bf8 27. Rd1 Bc5+ 28.
Kh2 Bc2 29. Rd2 Ba4 30. b3 cxb3 31. axb3 Bb5 32. f4 Be3 33. Re2 Bxc1 34. Re1 exf4 35. e5 fxg3+ 36. Kh1 Nh5 37. d6 Bg5 38. Bb7 Rc2 39.
Rd1 g2+ 40. Kg1 Be3+ 41. Kh2 g1=Q# 0-1

[Event "*** Titled Tuesday Blitz"]
[Site "Chess.com"]
[Date "2019.07.02"]
[Round "8"]
[White "David_Paravyan"]
[Black "Muisback26"]
[Result "1-0"]
[WhiteElo "2871"]
[BlackElo "2938"]
[TimeControl "180+2"]
[EndTime "14:47:53 PDT"]
[Termination "David_Paravyan won by checkmate"]

1. e4 c5 2. Nf3 Nc6 3. d4 cxd4 4. Nxd4 g6 5. c4 Nf6 6. Nc3 Nxd4 7. Qxd4 d6 8. Be2 Bg7 9. Be3 O-O 10. Qd3 a5 11.
O-O a4 12. Rfc1 Bd7 13. Rab1 Bc6 14. Bd4 Nd7 15. b4 axb3 16. axb3 Nc5 17. Qe3 Bxd4 18. Qxd4 e5 19. Qe3 Ne6 20. Bg4 Nd4 21. Ne2 Qh4 22.
f3 f5 23. exf5 gxf5 24. Nxd4 exd4 25. Qe6+ Kh8 26. Bh3 Bxf3 27. Qxd6 Rae8 28. gxf3 Re2 29. Qxf8# 1-0

[Event "*** Titled Tuesday Blitz"]
[Site "Chess.com"]
[Date "2019.07.02"]
[Round "8"]
[White "timator"]
[Black "AlexanderKing"]
[Result "0-1"]
[WhiteElo "2382"]
[BlackElo "2521"]
[TimeControl "180+2"]
[EndTime "14:47:53 PDT"]
[Termination "AlexanderKing won by resignation"]

1. d4 d5 2. Nf3 c5 3. g3 Nf6 4. Bg2 Nc6 5. O-O e6 6. c4 Be7 7.
cxd5 exd5 8. Nc3 O-O 9. b3 Re8 10. Bb2 Bg4 11. Ne5 cxd4 12. Nxc6 bxc6 13. Qxd4 Qd7 14.
Rfe1 Rad8 15. Na4 Bf8 16. e3 Bh3 17. Bh1 Ne4 18. Rac1 Qf5 19. f3 Ng5 20. f4 Ne4 21. Rxc6 h5 22. Nc3 h4 23. Ne2 Qg4 24. Rc2 hxg3 25.
hxg3 Nxg3 26. Nxg3 Qxg3+ 27. Bg2 Qxe1+ 0-1

[Event "*** Titled Tuesday Blitz"]
[Site "Chess.com"]
[Date "2019.07.02"]
[Round "8"]
[White "severomorskij"]
[Black "chessking2151"]
[Result "0-1"]
[WhiteElo "2840"]
[BlackElo "2625"]
[TimeControl "180+2"]
[EndTime "14:47:54 PDT"]
[Termination "chessking2151 won by resignation"]

1. d4 Nf6 2. Bg5 Ne4 3. Bf4 d5 4. f3 Nf6 5. e4 dxe4 6. Nc3 Nd5 7.
Nxd5 Qxd5 8. Bxc7 Nc6 9. c3 Bf5 10. Qb3 Qd7 11. Bg3 e6 12. Be2 Be7 13. fxe4 Bxe4 14.
Nf3 O-O 15. O-O Bd5 16. Qc2 h6 17. Bd3 Bd6 18. Bxd6 Qxd6 19. Qe2 Rad8 20. a3 Rfe8 21. Rae1 Qc7 22. Bb1 e5 23. Nxe5 Nxe5 24. dxe5 Bc4 25. Qe4 Bxf1 26. Qh7+ Kf8 27. Rxf1 Qxe5 28. Bg6 Qe3+ 29.
Kh1 Qf2 30. Bd3 Re1 0-1

[Event "*** Titled Tuesday Blitz"]
[Site "Chess.com"]
[Date "2019.07.02"]
[Round "8"]
[White "MITerryble"]
[Black "AndrewMaco"]
[Result "0-1"]
[WhiteElo "2810"]
[BlackElo "2629"]
[TimeControl "180+2"]
[EndTime "14:47:56 PDT"]
[Termination "AndrewMaco won by resignation"]

1. e4 c6 2. Nf3 d5 3. exd5 cxd5 4.
Ne5 Nc6 5. d4 Nf6 6. c3 Bd7 7. Nxd7 Qxd7 8. Bd3 e6 9. O-O Bd6 10.
Bg5 Ne4 11. Be3 Qc7 12. h3 O-O 13. Nd2 f5 14. Nf3 h6 15. Re1 Rae8 16. Rc1 e5 17. dxe5 Nxe5 18. Bb5 Rd8 19. Qxd5+ Kh8 20. Nd4 Nf3+ 21.
Kf1 Ned2+ 22. Bxd2 Nxd2+ 23. Ke2 Bf4 24. Ne6 Qe7 25.
c4 a6 26. Ba4 b5 27. g3 Rxd5 28. cxd5 bxa4 29. gxf4 Ne4 30. f3 Nf6 31. Kf1 Nxd5 32. Nxf8 Qxf8 33. Rc4 Qb8 34. Rd4 Nxf4 35. Red1 Qe5 36.
Rxa4 Qe2+ 0-1

[Event "*** Titled Tuesday Blitz"]
[Site "Chess.com"]
[Date "2019.07.02"]
[Round "8"]
[White "WilliamSchill"]
[Black "tteshan"]
[Result "1-0"]
[WhiteElo "1967"]
[BlackElo "2214"]
[TimeControl "180+2"]
[EndTime "14:47:56 PDT"]
[Termination "WilliamSchill won by resignation"]

1. e4 c5 2. Nf3 Nc6 3. d4 cxd4 4. Nxd4 g6 5. Nc3 Bg7 6. Be3 Nf6 7. Bc4 O-O 8. Bb3 Qa5 9. O-O d6 10. Nd5 Nxd5 11. exd5 Nxd4 12. Bxd4 Bf5 13. c4 Rac8 14. Re1 b5 15. Bxg7 Kxg7 16. cxb5 Rc7 17.
Qd4+ Kg8 18. a4 Rfc8 19. h3 a6 20. bxa6 Qxa6 21. a5 Rb8 22. Ra3 Qc8 23. a6 Ra8 24.
a7 h5 25. Rea1 Qd7 26. Ba4 Qc8 27. Bc6 Rxc6 28. dxc6 Qxc6 29. Rb3 Qc7 30. Qb6 Qc8 31. Qb8 Rxb8 32. axb8=Q 1-0

[Event "*** Titled Tuesday Blitz"]
[Site "Chess.com"]
[Date "2019.07.02"]
[Round "8"]
[White "2nd_life"]
[Black "ChessWarrior7197"]
[Result "1-0"]
[WhiteElo "2536"]
[BlackElo "2820"]
[TimeControl "180+2"]
[EndTime "14:47:57 PDT"]
[Termination "2nd_life won by resignation"]

1. e4 c5 2. Nf3 Nc6 3. c3 Nf6 4. e5 Nd5 5. d4 cxd4 6. cxd4 d6 7. Bc4 dxe5 8. Nxe5 e6 9. O-O Bd6 10. Bxd5 exd5 11.
Bf4 O-O 12. Nxc6 bxc6 13. Bxd6 Qxd6 14. Nc3 a5 15. Na4 Ba6 16. Re1 Bb5 17. Nc5 a4 18. Qd2 h6 19. Re3 Rae8 20. Rae1 Rxe3 21. Rxe3 Qg6 22. Re1 f6 23. h3 Re8 24. Rxe8+ Qxe8 25. Qe3 Qxe3 26. fxe3 h5 27. a3 Kf7 28. b3 axb3 29.
Nxb3 Ke7 30. Nc5 Kd6 31. a4 Bc4 32. a5 Kc7 33. Ne6+ Kb7 34. Nxg7 Be2 35. Kf2 Bd1 36. Ke1 Bc2 37. Nxh5 Ka6 38. Nxf6 Kxa5 39. h4 1-0

[Event "*** Titled Tuesday Blitz"]
[Site "Chess.com"]
[Date "2019.07.02"]
[Round "8"]
[White "Padenie_Zvezd"]
[Black "DerSchachaffe"]
[Result "1-0"]
[WhiteElo "2734"]
[BlackElo "2442"]
[TimeControl "180+2"]
[EndTime "14:47:58 PDT"]
[Termination "Padenie_Zvezd won by resignation"]

1. d4 Nf6 2. c4 g6 3. Nc3 d5 4. cxd5 Nxd5 5. Bd2 Nb6 6. Bf4 Bg7 7. e3 O-O 8. Nf3 c5 9. dxc5 N6d7 10. Be2 Nxc5 11. O-O Nc6 12. Rc1 Be6 13. Nb5 Ne4 14. Nc7 Bxa2 15.
Nxa8 Qxa8 16. Qa4 Bd5 17. Rc2 a6 18. Bc4 b5 19. Bxd5 bxa4 20. Bxc6 Qc8 21. Bxe4 Qe6 22. Nd2 f5 23. Bd3 Kh8 24. Ra1 h6 25. Rxa4 g5 26.
Bc7 Qd7 27. Ra3 Rc8 28. Ba5 Bxb2 29. Rxb2 Rc1+ 30. Nf1 Qd6 31. Rc3 Rxc3 32. Bxc3+ 1-0

[Event "*** Titled Tuesday Blitz"]
[Site "Chess.com"]
[Date "2019.07.02"]
[Round "8"]
[White "Kubas1010"]
[Black "enriquetejedor"]
[Result "0-1"]
[WhiteElo "2627"]
[BlackElo "2612"]
[TimeControl "180+2"]
[EndTime "14:47:58 PDT"]
[Termination "enriquetejedor won by resignation"]

1. d4 d5 2. c4 dxc4 3. e3 e6 4. Bxc4 a6 5. Nf3 b5 6. Bd3 Nd7 7. a4 b4 8. O-O c5 9. Be4 Ra7 10. a5 Ngf6 11. Bc6 Be7 12. dxc5 O-O 13. b3 Nxc5 14.
Nbd2 Rc7 15. Ba4 Bb7 16. Bb2 Nd3 17. Bd4 Qd5 18. Nc4 Nc5 19. Be5 Rcc8 20. Nb6 Qxd1 21. Rfxd1 Rcd8 22. Bc7 Rxd1+ 23. Rxd1 Nxa4 24. Nxa4 Rc8 25.
Be5 Bd5 26. Nd4 Nd7 27. Bg3 Bf6 28. Nb6 Nxb6 29. axb6 Bd8 30. Bc7 Bxc7 31. Rc1 Bxh2+ 32. Kxh2 Rxc1 33. f3 e5 34. Nf5 Kf8 35. e4 Bc6 36. Nd6 Ke7 37. b7 Bxb7 38. Nxb7 Rc7 39. Na5 Rc5 40. Nb7 Rb5 0-1

[Event "*** Titled Tuesday Blitz"]
[Site "Chess.com"]
[Date "2019.07.02"]
[Round "8"]
[White "Vegan4future"]
[Black "jk13"]
[Result "0-1"]
[WhiteElo "2413"]
[BlackElo "2590"]
[TimeControl "180+2"]
[EndTime "14:47:59 PDT"]
[Termination "jk13 won by checkmate"]

1. Nc3 e5 2. Nf3 Nc6 3. d4 exd4 4. Nxd4 Nf6 5. Bg5 Bb4 6. Nxc6 bxc6 7. Qd4 Be7 8. e4 h6 9. Bh4 Rb8 10. O-O-O O-O 11. Bd3 Rb4 12. Qxa7 d6 13. Rhe1 Be6 14. Bxf6 Bxf6 15. e5 Bg5+ 16. Kb1 d5 17. g3 Be7 18. f4 Bg4 19. Ne2 Rb6 20. c3 Qd7 21. Rd2 Rfb8 22. Nc1 c5 23. Qa5 Qc6 24. c4 Qb7 25. Qa3 dxc4 26. Bxc4 Rb4 27. Bd5 c6 28. Be4 c4 29.
Qc3 Ra4 30. Bc2 Bb4 31. Qe3 Bxd2 32. Qxd2 Qxb2# 0-1